 Dungeon Crawl Stone Soup version 0.27.0-1-g7a089689b8 (webtiles) character file.

Game seed: 12014996849667085594

61371 MajorAdolf the Unseen (level 15, -13/142 HPs)
             Began as a Naga Wanderer on Aug 16, 2021.
             Killed from afar by an orc sorcerer (17 damage)
             ... with a bolt of fire
             ... led by an orc knight
             ... while paralysed by an orc sorcerer
             ... on level 2 of the Orcish Mines.
             The game lasted 01:16:44 (42670 turns).

MajorAdolf the Unseen (Naga Wanderer)              Turns: 42670, Time: 01:16:44

Health: -13/142    AC: 12    Str: 18    XL:     15   Next: 2%
Magic:  29/29      EV:  1    Int: 20    God:
Gold:   2016       SH:  0    Dex: 12    Spells: 24/35 levels left

rFire    . . .     SeeInvis +   n - +7 short sword (elec)
rCold    + + .     Faith    .   e - +0 kite shield
rNeg     . . .     Spirit   .   A - +2 leather armour {rC+}
rPois    +         Reflect  .   R - +0 helmet
rElec    .         Harm     .   k - +2 cloak
rCorr    .         Rampage  .   (no gloves)
Will     +....                  (no barding)
Stlth    ++++++....             (no amulet)
HPRegen  0.33/turn              F - ring of the Hare {EV+8}
MPRegen  0.21/turn              D - ring "Udougiss" {rC+ Str+6}

@: paralysed, very slow
A: AC +5, large, see invisible, deformed body, poison resistance, slowness 2,
spit poison 1, naga tail 2
a: Spit Poison


You were on level 2 of the Orcish Mines.
You visited 3 branches of the dungeon, and saw 20 of its levels.
You also visited: Sewer.

You collected 2016 gold pieces.

Inventory:

Hand Weapons
 n - a +7 short sword of electrocution (weapon)
 Z - the +10 whip "Xoufuode" {vamp, Contam rN+ Str+8 Dex-3}
   (You found it on level 11 of the Dungeon)

   It occasionally heals its wielder for a portion of the damage dealt when it
   wounds a living foe.
   Str:       It affects your strength (+8).
   Dex:       It affects your dexterity (-3).
   rN:        It protects you from negative energy.
   Contam:    It causes magical contamination when unequipped.
Missiles
 G - a throwing net
Armour
 e - a +0 kite shield (worn)
 k - a +2 cloak (worn)
 A - a +2 leather armour of cold resistance (worn)
 R - a +0 helmet (worn)
 T - a +0 robe of fire resistance
Jewellery
 v - a ring of resist corrosion
 x - a ring of flight
 D - the ring "Udougiss" (right hand) {rC+ Str+6}
   (You found it on level 8 of the Dungeon)

   [ring of protection from cold]

   Str:       It affects your strength (+6).
   rC:        It protects you from cold.
 F - the ring of the Hare (left hand) {EV+8}
   (You found it on level 9 of the Dungeon)

   [ring of evasion]

   EV:        It affects your evasion (+8).
 O - a ring of positive energy
 P - a ring of wizardry
 U - a ring of fire
 W - an amulet of the acrobat
Wands
 b - a wand of acid (15)
 t - a wand of polymorph (10)
 y - a wand of iceblast (10)
 E - a wand of paralysis (29)
 H - a wand of flame (53)
 J - a wand of mindburst (28)
 V - a wand of digging (4)
 Y - a wand of charming (10)
Scrolls
 g - 2 scrolls of fog
 i - 2 scrolls of identify
 m - 3 scrolls of fear
 w - 3 scrolls of vulnerability
 z - 3 scrolls of immolation
 B - 2 scrolls of teleportation
 C - a scroll of silence
 I - 3 scrolls of enchant armour
 S - 3 scrolls of magic mapping {unknown}
Potions
 f - 4 potions of flight
 h - 6 potions of curing
 l - a potion of cancellation {unknown}
 o - a potion of experience {unknown}
 p - 4 potions of brilliance {unknown}
 q - 3 potions of invisibility
 r - 5 potions of haste
 s - a potion of attraction {unknown}
 u - a potion of magic {unknown}
 K - a potion of resistance {unknown}
 L - 3 potions of might {unknown}
 M - 3 potions of lignification {unknown}
 N - a potion of degeneration {unknown}
 X - 2 potions of ambrosia {unknown}


   Skills:
 + Level 11.3 Fighting
 - Level 1.0 Polearms
 + Level 17.1 Stealth
 + Level 4.0 Shields
 + Level 10.6 Spellcasting
 + Level 11.3 Conjurations
 + Level 6.8 Air Magic
 - Level 11.0 Earth Magic


You had 24 spell levels left.
You knew the following spells:

 Your Spells              Type           Power      Damage    Failure   Level
a - Shock                 Conj/Air       100%       1d9       1%          1
b - Stone Arrow           Conj/Erth      100%       3d13      1%          3
c - Searing Ray           Conj           100%       3d7       1%          2
d - Lightning Bolt        Conj/Air       23%        1d38      16%         5

Your spell library contained the following spells:

 Spells                   Type           Power      Damage    Failure   Level
 Magic Dart               Conj           100%       1d8       1%          1
 Static Discharge         Conj/Air       46%        N/A       1%          2
 Swiftness                Air            38%        N/A       4%          3
 Poisonous Vapours        Pois/Air       48%        N/A       9%          2
 Fulminant Prism          Conj/Hex       16%        3d11      22%         4
 Hailstorm                Conj/Ice       33%        3d8       22%         4
 Apportation              Tloc           20%        N/A       24%         1
 Freeze                   Ice            40%        1d6       24%         1
 Pain                     Necr           40%        1d6       24%         1
 Sting                    Tmut/Pois      40%        1d5       24%         1
 Animate Armour           Summ/Erth      64%        N/A       24%         4
 Frozen Ramparts          Ice            20%        1d4       56%         3
 Inner Flame              Hex/Fire       10%        N/A       56%         3
 Summon Guardian Golem    Hex/Summ       10%        N/A       56%         3
 Orb of Destruction       Conj           27%        9d11      88%         7
 Cause Fear               Hex            5%         N/A       93%         4
 Olgreb's Toxic Radiance  Pois           10%        N/A       93%         4
 Agony                    Necr           10%        N/A       100%        5
 Alistair's Intoxication  Tmut/Pois      6%         N/A       100%        5
 Excruciating Wounds      Necr           5%         N/A       100%        5
 Invisibility             Hex            5%         N/A       100%        6
 Spellforged Servitor     Conj/Summ      16%        N/A       100%        7
 Discord                  Hex            5%         N/A       100%        8
 Lehudib's Crystal Spear  Conj/Erth      26%        10d7      100%        8
 Maxwell's Capacitive Co  Air            19%        ∞         100%        8


Dungeon Overview and Level Annotations

Branches:
Dungeon (12/15)              Lair (6/6) D:8          Shoals (0/4) Lair:3
 Spider (0/4) Lair:3        Slime (0/5) Lair:6          Orc (2/2) D:11
    Elf (0/3) Orc:2         Sewer (visited)
 Temple: D:4-7

Altars:
Hepliaklqana
Nemelex Xobeh
Uskayaw
Zin
Jiyva

Shops:
D:7 *

Annotations:
D:3 Grinder
Lair:6 1 runed translucent door


Innate Abilities, Weirdness & Mutations

Your serpentine skin is tough. (AC +5)
You have supernaturally acute eyesight. (SInv)
Armour fits poorly on your strangely shaped body.
Your system is resistant to poisons. (rPois)
You cover ground very slowly.
You can spit poison.
You can use your snake-like lower body to constrict enemies.


Message History

There is a stone staircase leading up, spattered with blood here.
HP restored.
The orc sorcerer no longer looks unusually strong.
You block the orc's attack.
You climb upwards.
There is a stone staircase leading down here.
Unknown command.
You puncture the orc!
You kill the orc!
You now have 2016 gold pieces (gained 25).
Things that are here:
a +0 club; a +0 leather armour; an orc corpse
There is a stone staircase leading down here.
You start resting.
Magic restored.
You climb downwards.
An orc comes into view. It is wielding a +0 short sword.
The orc sorcerer casts a spell at you.
You suddenly lose the ability to move!
The orc knight hits you with a +2 great sword.
The orc warrior hits you with a +0 long sword.
The orc knight roars a battlecry!
The orcs go into a battle-frenzy!
The orc warrior hits you with a +0 long sword.
The orc knight hits you with a +2 great sword!
The orc warrior hits you with a +0 long sword!
The orc sorcerer hits you with a +0 dagger!
The orc knight hits you with a +2 great sword!!
The orc warrior hits you with a +0 long sword!
The orc sorcerer completely misses you.
The orc knight hits you with a +2 great sword!
The orc warrior hits you with a +0 long sword!
* * * LOW HITPOINT WARNING * * *
The orc knight hits you with a +2 great sword!!
* * * LOW HITPOINT WARNING * * *
The orc warrior hits you with a +0 long sword!
* * * LOW HITPOINT WARNING * * *
The orc sorcerer casts a spell at you. The bolt of fire hits you!
You die...

#............#.........#
##.......<..............
##......................
#......#................
##......................
#.....................#
##........#.....#.....#
##............##.....#.
#....#@o.....#......###
##...ooo...##......##
##......(....##.#...
#.^>#.........#####.
##.#####...#.## ###
##...### ##.##.##
#......# ##....##


You could see an orc knight, an orc sorcerer (strong), an orc warrior (strong)
and an orc (strong).

Vanquished Creatures
  A dire elephant (Lair:6)
  Snorg (Lair:4)
  8 hydras
  An ogre mage (Orc:1)
  6 two-headed ogres
  A catoblepas (Lair:4)
  A centaur warrior (D:11)
  9 death yaks
  A death knight (D:11)
  Sonja (Lair:2)
  Nergalle (Lair:2)
  A fire crab (Lair:2)
  A swamp dragon (D:11)
  A lindwurm (Lair:5)
  A deep elf pyromancer (D:11)
  An oklob plant (Lair:3)
  An ugly thing (D:12)
  2 cyclopes
  4 orc knights
  8 black mambas
  6 elephants
  8 cane toads
  A kobold demonologist (D:10)
  Maggie (Lair:2)
  3 rime drakes
  An efreet (D:11)
  6 komodo dragons
  2 trolls (Orc:1)
  A polar bear (Lair:3)
  12 blink frogs
  2 shadows (D:11)
  5 wyverns
  3 vampires
  7 basilisks
  2 steam dragons
  62 yaks
  5 vampire mosquitoes
  Menkaure (D:6)
  6 wargs
  An acid dragon (D:10)
  19 water moccasins
  A hell hound (Lair:6)
  12 orc warriors
  A sky beast (D:7)
  14 ogres
  A boggart (D:11)
  16 wolves
  9 centaurs
  2 phantoms
  A kobold brigand (Sewer)
  13 bullfrogs
  5 scorpions
  A water moccasin zombie (D:5)
  A water moccasin skeleton (D:5)
  10 killer bees
  A howler monkey (D:6)
  2 centaur zombies
  3 jellies
  16 orc priests
  3 hounds
  2 centaur skeletons
  A gnoll shaman (D:3)
  11 orc wizards
  Terence (D:2)
  5 iguanas
  2 killer bee zombies (D:8)
  A hound zombie (D:5)
  A howler monkey zombie (D:10)
  5 gnolls
  6 adders
  5 river rats
  A shadow imp (D:7)
  A white imp (D:8)
  3 ufetubi
  4 worms
  2 adder skeletons (D:4)
  5 dart slugs
  55 orcs
  16 ball pythons
  13 endoplasms
  6 giant cockroaches
  7 goblins
  9 hobgoblins
  A quokka (D:3)
  7 bats
  2 frilled lizards
  A jackal skeleton (D:4)
  8 kobolds
  8 rats
506 creatures vanquished.

Vanquished Creatures (others)
  An orc warrior (D:11)
  64 fungi
  98 plants
163 creatures vanquished.

Grand Total: 669 creatures vanquished

Notes
Turn   | Place    | Note
-------+----------+-------------------------------------------
     0 | D:1      | MajorAdolf the Naga Wanderer began the quest for the Orb.
     0 | D:1      | MajorAdolf set off with the following items: a +2 dagger, a
                  | scroll of blinking, a +0 spear, a +0 robe; and the
                  | following spell memorised: Shock; and the following spells
                  | available to memorise: Swiftness
     0 | D:1      | Reached XP level 1. HP: 15/15 MP: 3/3
   188 | D:1      | Reached skill level 6 in Stealth
   195 | D:1      | Reached XP level 2. HP: 24/24 MP: 5/5
   837 | D:1      | Reached XP level 3. HP: 28/30 MP: 4/6
   881 | D:1      | Reached skill level 1 in Fighting
  1061 | D:1      | Reached skill level 1 in Conjurations
  1245 | D:1      | Found a faded altar of an unknown god.
  1587 | D:2      | Noticed Terence
  1926 | D:4      | Reached XP level 4. HP: 38/38 MP: 5/7
  1939 | D:4      | Found a hazy altar of Hepliaklqana.
  1993 | D:4      | Found a glowing drain.
  2065 | D:4      | Reached XP level 5. HP: 32/45 MP: 2/9
  2075 | Sewer    | Entered a sewer
  2908 | Sewer    | Noticed a kobold brigand
  2919 | Sewer    | Killed a kobold brigand
  2920 | Sewer    | Reached skill level 7 in Stealth
  2920 | Sewer    | Reached XP level 6. HP: 40/52 MP: 4/10
  4004 | D:3      | Noticed Grinder
  4480 | D:2      | Killed Terence
  4816 | D:3      | Reached XP level 7. HP: 61/61 MP: 9/12
  5384 | D:3      | Reached skill level 8 in Stealth
  5866 | D:5      | Entered Level 5 of the Dungeon
  5890 | D:5      | Learned a level 3 spell: Stone Arrow
  6049 | D:5      | Reached skill level 1 in Earth Magic
  6220 | D:5      | Reached XP level 8. HP: 61/69 MP: 4/14
  6391 | D:5      | Reached skill level 5 in Air Magic
  7063 | D:5      | Found a sparkling altar of Nemelex Xobeh.
  7196 | D:5      | Reached skill level 9 in Stealth
  7800 | D:6      | Noticed Menkaure
  7901 | D:6      | Reached XP level 9. HP: 45/79 MP: 2/16
  8606 | D:6      | Killed Menkaure
  8799 | D:6      | Found a hide-covered altar of Uskayaw.
  8812 | D:6      | Reached skill level 5 in Spellcasting
  8954 | D:6      | Reached skill level 5 in Conjurations
  9015 | D:6      | Reached skill level 5 in Fighting
  9015 | D:6      | Reached skill level 10 in Stealth
  9962 | D:7      | Found Zin's Purification Station.
  9967 | D:7      | Found a glowing silver altar of Zin.
 10661 | D:7      | Reached XP level 10. HP: 91/91 MP: 14/18
 10771 | D:7      | Noticed an eight-headed hydra
 10846 | D:7      | Killed an eight-headed hydra
 10847 | D:7      | Reached skill level 11 in Stealth
 10847 | D:7      | Reached skill level 5 in Earth Magic
 12494 | D:8      | Found a staircase to the Lair.
 12859 | D:7      | Reached skill level 12 in Stealth
 13919 | D:8      | Identified the ring "Udougiss" {rC+ Str+6}
 14058 | D:9      | Reached XP level 11. HP: 65/99 MP: 5/21
 14948 | D:9      | Noticed a two-headed ogre
 14952 | D:9      | Killed a two-headed ogre
 15118 | D:9      | Found the ring of the Hare {EV+8}
 15487 | D:10     | Entered Level 10 of the Dungeon
 15681 | Lair:1   | Entered Level 1 of the Lair of Beasts
 16052 | Lair:1   | Reached skill level 13 in Stealth
 17535 | Lair:2   | Noticed a fire crab
 18500 | Lair:2   | Noticed Maggie
 18565 | Lair:3   | Noticed an oklob plant
 18572 | Lair:3   | Killed an oklob plant
 18616 | Lair:3   | Noticed an eight-headed hydra
 18627 | Lair:3   | Killed an eight-headed hydra
 18628 | Lair:3   | Reached XP level 12. HP: 81/111 MP: 5/23
 19600 | Lair:2   | Reached skill level 14 in Stealth
 20572 | Lair:3   | Found a hole to the Spider Nest.
 21037 | Lair:3   | Found a staircase to the Shoals.
 22819 | Lair:4   | Noticed Snorg
 22825 | Lair:4   | Noticed a catoblepas
 22827 | Lair:4   | Killed Snorg
 22908 | Lair:4   | Killed a catoblepas
 23750 | Lair:4   | Reached skill level 15 in Stealth
 24388 | Lair:5   | Noticed an eight-headed hydra
 24388 | Lair:5   | Noticed a seven-headed hydra
 24400 | Lair:4   | Killed a seven-headed hydra
 24401 | Lair:4   | Gained mutation: You can use your snake-like lower body to
                  | constrict enemies. [Naga growth]
 24401 | Lair:4   | Reached XP level 13. HP: 24/121 MP: 15/26
 26163 | Lair:6   | Entered Level 6 of the Lair of Beasts
 27733 | Lair:6   | Found a runed translucent door.
 27733 | Lair:6   | Found a viscous altar of Jiyva.
 27734 | Lair:6   | Found a staircase to the Slime Pits.
 27734 | Lair:6   | Noticed an acid blob
 27734 | Lair:6   | Noticed an acid blob
 27870 | Lair:6   | Reached skill level 10 in Conjurations
 28213 | Lair:6   | Reached skill level 10 in Fighting
 28213 | Lair:6   | Reached skill level 10 in Earth Magic
 30540 | Lair:5   | Reached skill level 16 in Stealth
 30540 | Lair:5   | Reached skill level 1 in Shields
 30765 | Lair:5   | Reached XP level 14. HP: 48/133 MP: 2/27
 31651 | Lair:6   | Noticed a dire elephant
 31668 | Lair:6   | Killed a dire elephant
 32169 | Lair:3   | Learned a level 2 spell: Searing Ray
 32672 | Lair:2   | Reached skill level 10 in Spellcasting
 33097 | Lair:2   | Noticed Nergalle
 33112 | Lair:2   | Killed Nergalle
 33315 | Lair:2   | Noticed Sonja
 33326 | Lair:2   | Killed Sonja
 33571 | Lair:2   | Killed Maggie
 36298 | D:11     | Found a staircase to the Orcish Mines.
 36796 | D:11     | Learned a level 5 spell: Lightning Bolt
 39303 | D:11     | Identified the +10 whip "Xoufuode" {vamp, Contam rN+ Str+8
                  | Dex-3}
 40103 | Orc:1    | Entered Level 1 of the Orcish Mines
 40394 | D:11     | Reached skill level 17 in Stealth
 41859 | Orc:1    | Reached XP level 15. HP: 103/142 MP: 11/29
 42337 | Orc:2    | Entered Level 2 of the Orcish Mines
 42416 | Orc:2    | Found a staircase to the Elven Halls.
 42665 | Orc:2    | Paralysed by an orc sorcerer for 7 turns
 42670 | Orc:2    | HP: 4/142 [orc warrior[an orc knight] (13)]
 42670 | Orc:2    | Killed from afar by an orc sorcerer

Illustrated notes

Levels and vault maps discovered:
D:1:      lemuel_arrival_hallway, layout_rooms,
          dreamdust_ecumenical_altar_hidden_monk_grotto,
          hangedman_abyss_or_decor_stabs, feat_on_display
D:2:      layout_basic, chequers_serial_rivers_micro_a, uniq_terence
D:3:      layout_basic, minivault_25, kennysheep_cluttered_room, uniq_grinder
D:4:      layout_rooms, mainiacjoe_overflow_boulevard,
          cheibrodos_sewer_entry_sluice
D:5:      layout_basic, nemelex_altar_shiori, minmay_temple_entry_from_below_b,
          serial_curves, eino_curves_02, eino_curves_02
D:6:      layout_basic, nicolae_uskayaw_suspiria, enter_ossuary_1,
          kennysheep_dice, uniq_menkaure
D:7:      layout_basic, zin_purify, minmay_fractal_squares_5
D:8:      layout_basic, minmay_lair_entry_grove, roderic_serpentine_path
D:9:      layout_roguey
D:10:     layout_layer_cave, minmay_chambers_of_fives
D:11:     minmay_the_grid_net [minmay_the_grid_outer_circle,
          minmay_the_grid_empty, minmay_the_grid_diamond_grid,
          minmay_the_grid_dragon_a, minmay_the_grid_armoury,
          minmay_the_grid_prize_big_room], layout_gridville
D:12:     layout_gridville
Lair:1:   layout_roguey, serial_bayou_pond_d, grunt_megastairs_1
Lair:2:   layout_misc_corridors, uniq_sonja, uniq_nergalle, uniq_maggie
Lair:3:   layout_regular_city, minmay_shoals_entry_centaurs,
          spider_nest_entry_web_field, minmay_lair_oklob_chamber
Lair:4:   layout_small_grid, grunt_megastairs_5, uniq_snorg
Lair:5:   layout_cave_pods, infiniplex_staircase_pool
Lair:6:   evil_forest, layout_regular_city, slime_altar_2,
          serial_bayou_crossing, infiniplex_staircase_pool_2
Orc:1:    layout_diamond_mine
Orc:2:    grunt_orc_tribal_feast, layout_caves

Skill      XL: |  1  2  3  4  5  6  7  8  9 10 11 12 13 14 |
---------------+-------------------------------------------+-----
Stealth        | 6 7 8 9 10 12 13 15 16 17 | 17.1
Fighting       | 1 2 3 4 5 6 8 9 10 11 | 11.3
Conjurations   | 1 2 3 4 5 7 8 9 10 11 | 11.3
Spellcasting   | 3 4 5 6 7 9 10 | 10.6
Air Magic      | 4 5 6 |  6.8
Earth Magic    | 1 2 4 6 7 9 10 11 | 11.0
Shields        | 1 4 |  4.0
Polearms       | |  1.0

Action                   |  1- 3 |  4- 6 |  7- 9 | 10-12 | 13-15 || total
-------------------------+-------+-------+-------+-------+-------++-------
Melee: Dagger            |     5 |       |       |       |       ||     5
       Whip              |     8 |     9 |       |       |       ||    17
       Short sword       |       |     5 |    65 |    33 |    59 ||   162
       Constrict         |       |       |       |       |    13 ||    13
 Cast: Shock             |    32 |   161 |   211 |   328 |    79 ||   811
       Stone Arrow       |       |       |    25 |   234 |   249 ||   508
       Searing Ray       |       |       |       |       |   118 ||   118
 Abil: Spit Poison       |    27 |    15 |    12 |     4 |     1 ||    59
Evoke: Wand              |       |       |       |     3 |    10 ||    13
  Use: Scroll            |     2 |       |     9 |     8 |    11 ||    30
       Potion            |       |       |       |       |     2 ||     2
 Stab: Sleeping          |     1 |       |     1 |       |       ||     2
Armor: Robe              |     8 |    10 |    38 |    18 |       ||    74
       Leather armour    |       |       |       |    54 |   125 ||   179
Dodge: Dodged            |    20 |    28 |    78 |   197 |   339 ||   662
Block: Kite shield       |       |       |       |       |   165 ||   165
